 Dungeon Crawl Stone Soup version 0.31-a0-835-g2a3a5bc (webtiles) character file.

Game seed: 15468598453820863241

95690 BarneyGumball the Devastator (level 16, -1/105 HPs)
             Began as an Octopode Earth Elementalist on Sept 25, 2023.
             Was an Elder of Vehumet.
             Slain by a tentacle (2 damage)
             ... attached to a kraken
             ... on level 1 of the Shoals.
             The game lasted 02:41:04 (41437 turns).

BarneyGumball the Devastator (OpEE)                Turns: 41437, Time: 02:41:05

Health: -1/105     AC:  1    Str: 12    XL:     16   Next: 14%
Magic:  1/28       EV: 21    Int: 25    God:    Vehumet [****..]
Gold:   843        SH: 15    Dex: 31    Spells: 3/31 levels left

rFire   + + .        q - staff of conjuration
rCold   . . .        N - +2 buckler of Fedhas's Envy {Str+5}
rNeg    + . .        (helmet restricted)
rPois   +            U - amulet of reflection
rElec   .            R - ring of protection from fire
rCorr   .            w - ring of see invisible
SInv    +            y - ring of protection from fire
Will    ++...        C - +6 ring of dexterity
Stlth   +++++        I - +6 ring of dexterity
HPRegen 0.37/turn    G - ring of poison resistance
MPRegen 0.21/turn    A - +6 ring of dexterity
                     P - ring of Terra Nullius {rN+ Will+}

%: reflection
@: no status effects
A: almost no armour, amphibious, 8 rings, camouflage 1, gelatinous body 1,
nimble swimmer 1, tentacles
a: Renounce Religion


You were on level 1 of the Shoals.
You worshipped Vehumet.
Vehumet was greatly pleased with you.
You visited 6 branches of the dungeon, and saw 25 of its levels.

You collected 2287 gold pieces.
You spent 1444 gold pieces at shops.

Inventory:

Missiles
 f - 5 javelins
 v - 47 poisoned darts (quivered)
 F - a throwing net
 M - a curare-tipped dart
Armour
 N - the +2 buckler of Fedhas's Envy (worn) {Str+5}
   (You bought it in a shop on level 1 of the Dungeon)

   Str+5:     It affects your strength (+5).
Magical Staves
 q - a staff of conjuration (weapon)
Jewellery
 g - a +6 ring of dexterity
 w - a ring of see invisible (right tentacle)
 y - a ring of protection from fire (on tentacle)
 A - a +6 ring of dexterity (on tentacle)
 C - a +6 ring of dexterity (on tentacle)
 G - a ring of poison resistance (on tentacle)
 I - a +6 ring of dexterity (on tentacle)
 P - the ring of Terra Nullius (on tentacle) {rN+ Will+}
   (You bought it in a shop on level 10 of the Dungeon)

   [ring of willpower]

   rN+:       It protects you from negative energy.
   Will+:     It increases your willpower.
 R - a ring of protection from fire (left tentacle)
 U - an amulet of reflection (around mantle)
Talismans
 V - a granite talisman
Wands
 d - a wand of mindburst (8)
 s - a wand of flame (30)
 u - a wand of polymorph (31)
 x - a wand of charming (5)
 L - a wand of digging (7)
 Q - a wand of quicksilver (3)
Scrolls
 e - a scroll of amnesia
 l - a scroll of immolation
 m - 3 scrolls of torment
 p - 5 scrolls of enchant armour
 r - 3 scrolls of enchant weapon
 t - 2 scrolls of vulnerability
 B - 6 scrolls of fog
 E - a scroll of revelation
 J - 5 scrolls of teleportation
 S - 4 scrolls of poison
 T - a scroll of summoning
Potions
 a - a potion of magic
 b - 9 potions of curing
 c - 4 potions of berserk rage
 h - a potion of resistance
 i - 2 potions of ambrosia
 j - 2 potions of lignification
 k - 6 potions of attraction
 n - a potion of might
 o - 3 potions of haste
 z - 2 potions of enlightenment
 D - a potion of brilliance
 H - 2 potions of invisibility
 K - a potion of mutation
 O - 2 potions of cancellation


   Skills:
 - Level 8.0 Fighting
 - Level 8.0 Dodging
 - Level 3.0 Stealth
 - Level 6.0 Shields
 - Level 8.0 Spellcasting
 + Level 15.0 Conjurations
 - Level 4.1 Translocations
 - Level 5.0 Transmutations
 - Level 5.0 Ice Magic
 - Level 10.0 Earth Magic
 - Level 5.0 Evocations
 + Level 13.0 Shapeshifting


You had 3 spell levels left.
You knew the following spells:

 Your Spells              Type           Power      Damage    Failure   Level
a - Sandblast             Erth           100%       2d20      1%          1
b - Orb of Destruction    Conj           45%        9d12      4%          7
c - Stone Arrow           Conj/Erth      100%       3d13      1%          3
d - Blink                 Tloc           60%        N/A       2%          2
e - Frozen Ramparts       Ice            70%        1d11      1%          3
f - Lee's Rapid Deconstr  Erth           28%        3d15*     1%          5
g - Passwall              Tmut/Erth      39%        N/A       1%          2
h - Irradiate             Conj/Tmut      37%        3d24      1%          5

Your spell library contained the following spells:

 Spells                   Type           Power      Damage    Failure   Level
 Freezing Cloud           Conj/Ice/Air   30%        6-21      4%          5
 Freeze                   Ice            100%       1d10      1%          1
 Shock                    Conj/Air       100%       1d9       1%          1
 Momentum Strike          Conj/Tloc      100%       3d10      1%          2
 Wereblood                Tmut           35%        N/A       1%          2
 Hailstorm                Conj/Ice       74%        3d15      1%          3
 Sting                    Tmut/Pois      88%        1d7       2%          1
 Lesser Beckoning         Tloc           60%        N/A       2%          2
 Poisonous Vapours        Pois/Air       20%        N/A       3%          2
 Scorch                   Fire           20%        2d5       3%          2
 Ignite Poison            Fire/Tmut/Pois 18%        N/A       3%          3
 Ensorcelled Hibernation  Hex/Ice        44%        N/A       4%          2
 Gell's Gravitas          Tloc           30%        N/A       4%          3
 Teleport Other           Tloc           30%        N/A       4%          3
 Cigotuvi's Dreadful Rot  Necr/Pois/Air  20%        N/A       12%         2
 Swiftness                Air            10%        N/A       24%         3
 Brom's Barrelling Bould  Conj/Erth      83%        2d9       1%          4
 Flame Wave               Conj/Fire      63%        2d15      1%          4
 Iskenderun's Battlesphe  Conj           91%        2d14      1%          5
 Fireball                 Conj/Fire      31%        3d13      2%          5
 Petrify                  Tmut/Erth      47%        N/A       3%          4
 Conjure Ball Lightning   Conj/Air       31%        3x3d10    16%         6
 Airstrike                Air            5%         2d(1-17)  21%         4
 Olgreb's Toxic Radiance  Pois           10%        N/A       21%         4
 Anguish                  Hex/Necr       5%         N/A       61%         4
 Animate Dead             Necr           10%        N/A       61%         4
 Cause Fear               Hex            5%         N/A       61%         4
 Dispel Undead            Necr           10%        3d9       61%         4
 Summon Lightning Spire   Summ/Air       10%        N/A       61%         4
 Dispersal                Tloc           15%        N/A       91%         6
 Death Channel            Necr           5%         N/A       100%        6
 Summon Cactus Giant      Summ           5%         N/A       100%        6
 Enfeeble                 Hex            5%         N/A       100%        7
 Haunt                    Necr/Summ      5%         N/A       100%        7
 Malign Gateway           Summ/Tloc      10%        N/A       100%        7
 Infestation              Necr           5%         N/A       100%        8
 Summon Horrible Things   Summ           5%         N/A       100%        8
 Animate Armour           Summ/Erth      Unusable   N/A       N/A         4

Dungeon Overview and Level Annotations

Branches:
Dungeon (14/15)            Temple (1/1) D:7            Lair (5/5) D:9
 Shoals (2/4) Lair:3       Spider (1/4) Lair:2        Slime (0/5) Lair:5
    Orc (2/2) D:10            Elf (0/3) Orc:2        Vaults (0/5) D:13

Altars:
Ashenzari
Cheibriados
Dithmenos
Elyvilon
Fedhas
Gozag
Hepliaklqana
Kikubaaqudgha
Makhleb
Nemelex Xobeh
Okawaru
Qazlal
Ru
Sif Muna
Trog
Uskayaw
Vehumet
Wu Jian
Xom
Yredelemnul
Zin
The Shining One
Jiyva

Shops:
D:1 [   D:3 (   D:7 *   D:10 =((   Orc:1 (   Orc:2 ?[*:   Shoals:1 (

Portals:
Pandemonium: Orc:2

Annotations:
D:4 3 runed translucent doors, exclusion: 3 doors, alcopop's ghost, amateur DEHu
D:5 exclusion: orc
D:9 exclusions: boulder beetle, orc priest and orc warrior
D:12 exclusions: 3 fire elementals and hell hound, Lodul
D:14 Kirke


Innate Abilities, Weirdness & Mutations

You cannot wear most types of armour.
You are amphibious.
You can wear up to eight rings at the same time.
Your skin changes colour to match your surroundings (Stealth+).
Your rubbery body absorbs attacks. (AC +1, EV +1)
You are camouflaged when in or above water. (Stealth+)
You have tentacles for arms and can constrict up to eight enemies at once.


Message History

Casting: Orb of Destruction (dangerous; 4% risk of failure)
Confirm with . or Enter, or press ? or * to list all spells.
Aiming: Orb of Destruction (dangerous; 4% risk of failure)
Press: ? - help, Shift-Dir - straight line, f/p - kraken
Aim: a kraken (water, severely wounded, ally target)
You feel a surge of power! The tentacle barely misses you.
The tentacle slaps you!! The tentacle barely misses you.
The tentacle slaps you!! The tentacle closely misses you.
Okay, then.
Press: ? - help, v - describe, . - travel
Here: a kraken (water, severely wounded, ally target) Some deep water.
Okay, then.
Casting: Orb of Destruction (dangerous; 4% risk of failure)
Confirm with . or Enter, or press ? or * to list all spells.
Okay, then.
Okay, then.
Okay, then.
Okay, then.
Unknown command.
Read: scroll of fear
Press: ? - help, Q - select action, (/) - cycle Dir - look around, f - activate Look: a kraken (water, severely wounded, ally target, chance to affect: 79%)
Okay, then.
As you read the scroll of fear, it crumbles to dust.
You assume a fearsome visage.
The tentacle is unaffected. x2
The kraken looks frightened!
A tentacle segment bursts forth from the water.
The tentacle slaps you!
* * * LOW HITPOINT WARNING * * *
A tentacle segment bursts forth from the water. x2
The tentacle completely misses you.
A tentacle segment bursts forth from the water.
The kraken squirts a massive cloud of ink into the water!
You feel better. The tentacle slaps you!!
* * * LOW HITPOINT WARNING * * *
A tentacle segment bursts forth from the water.
The kraken squirts a massive cloud of ink into the water!
The tentacle slaps you.
You die...

..~~~~..## ##.~~≈≈~~.#
..~~~~...###.~~~≈~~~..~~...###...
..~~~~........~~≈≈~~~~~~........$
.~~~~~..####.~~~≈≈≈~~~~..........
.~~~~.### #.~~~≈≈≈≈~~)$..# .....
.~~~~.######.~~~≈≈≈≈~~...## ....~
~~~~~..##....~~~≈≈≈≈~~...(##.....
.~~~~~.....~~~~≈≈≈≈~~~[~........§
~~.~~~~.....~~~≈@≈≈~~~~~.....$..~
~~.~~~~.###..~~≈≈w§§§§§~~~~~~....
..~~~~..####.~~≈§w§§~~~~~~~~~~...
#.~~~~~.##...~~~≈§§§~~~~.~~.~~...
##~~~~~......~~~≈§§X≈*~~.~~~~~..§
..~~~~~..####.~~~§§§≈*~~~~~~~~§§§
~~~~~~~.## #)~~~§≈≈§≈~~~~≈≈≈≈~§~
~~~≈≈~~.## ##.~~§§≈≈≈§≈≈≈≈≈≈≈≈≈≈≈
~~~≈≈~~..# #...~~≈≈≈≈≈≈≈≈≈≈≈≈≈≈


You could see a kraken (fleeing) and 2 tentacles.

Vanquished Creatures
  A merfolk impaler (Shoals:1)
  6 vault guards
  A demonspawn (Orc:2)
  5 hydras
  4 boulder beetles
  A merfolk avatar (Shoals:2)
  2 two-headed ogres
  3 catoblepae (Lair:5)
  4 centaur warriors
  9 death yaks
  6 orc high priests (Orc:2)
  Nergalle (D:11)
  5 skysharks
  Amaemon (Lair:1)
  5 skeletal warriors
  A pharaoh ant (Lair:2)
  3 sea snakes (Shoals:1)
  5 orc knights (Orc:2)
  3 fauns (Shoals:1)
  4 deep elf pyromancers
  5 harpies (Shoals:1)
  7 orc sorcerers
  2 ugly things
  2 cyclopes
  8 manticores
  23 elephants
  A rust devil (Orc:2)
  A water nymph (Shoals:1)
  2 merfolk sirens (Lair:3)
  2 black mambas
  An orange demon (Lair:1)
  10 cane toads
  3 unseen horrors
  2 rime drakes
  15 komodo dragons
  2 ice devils (Orc:2)
  A red devil (Orc:2)
  3 meliai (D:13)
  8 trolls
  4 merfolk
  3 dream sheep (Shoals:1)
  A hornet (D:9)
  6 blink frogs
  A jumping spider (Lair:2)
  12 slime creatures
  3 culicivoras (Lair:2)
  2 shadows
  A ynoxinul (D:9)
  35 yaks
  5 wyverns
  4 wraiths
  2 hogs (D:14)
  3 basilisks
  A steam dragon (D:7)
  5 vampire mosquitoes
  A swamp worm (shapeshifter) (D:13)
  A warg (Orc:2)
  12 water moccasins
  A swamp drake (D:10)
  36 orc warriors
  A sky beast (D:7)
  4 black bears
  An ice beast (D:7)
  4 ogres
  10 centaurs (D:13)
  8 wolves
  2 phantoms
  3 kobold brigands
  15 bullfrogs
  5 scorpions
  13 wights
  7 killer bees
  2 electric eels (D:9)
  4 howler monkeys
  2 jellies
  8 hounds
  3 iguanas
  28 orc priests
  2 gnoll boudas
  2 sleepcaps
  Natasha (thrice) (D:2)
  7 hell rats (D:6)
  16 orc wizards
  A hound skeleton (D:3)
  8 gnolls
  7 adders
  18 river rats (D:6)
  A shadow imp (D:7)
  An ufetubus (D:5)
  3 dart slugs
  4 worms
  93 orcs
  2 endoplasms (D:1)
  A giant cockroach (D:3)
  3 goblins
  6 hobgoblins
  11 jackals
  2 quokkas
  6 ball pythons
  A ball python skeleton (D:3)
  2 ball python zombies (D:3)
  3 bats (D:2)
  4 frilled lizards
  A jackal zombie (D:3)
  14 kobolds
  3 rats
652 creatures vanquished.

Vanquished Creatures (collateral kills)
  The ghost of PiratePeteNZ the Protected, a journeyman GnFi (D:9)
  A boulder beetle (D:11)
2 creatures vanquished.

Vanquished Creatures (others)
  6 tentacles (Shoals:1)
6 creatures vanquished.

Grand Total: 660 creatures vanquished

Notes
Turn   | Place    | Note
-------+----------+-------------------------------------------
     0 | D:1      | BarneyGumball the Octopode Earth Elementalist began the
                  | quest for the Orb.
     0 | D:1      | Reached XP level 1. HP: 11/11 MP: 3/3
    30 | D:1      | Found Xodyderche's Armour Shoppe.
   108 | D:1      | Reached XP level 2. HP: 15/17 MP: 0/5
   176 | D:1      | Reached skill level 1 in Conjurations
   515 | D:1      | Found a faded altar of an unknown god.
   620 | D:2      | Reached XP level 3. HP: 21/21 MP: 2/6
   650 | D:2      | Learned a level 2 spell: Passwall
   780 | D:2      | Noticed Natasha
   783 | D:2      | Killed Natasha
   784 | D:2      | Reached skill level 2 in Conjurations
   784 | D:2      | Reached XP level 4. HP: 27/27 MP: 5/7
   788 | D:2      | Learned a level 3 spell: Stone Arrow
  1006 | D:2      | Noticed Natasha
  1019 | D:2      | Killed Natasha
  1020 | D:2      | Reached XP level 5. HP: 28/31 MP: 3/8
  1100 | D:2      | Reached skill level 3 in Conjurations
  1197 | D:2      | Noticed Natasha
  1199 | D:2      | Killed Natasha
  1583 | D:3      | You fall into a shaft and drop 1 floor!
  1681 | D:3      | Noticed a phantom
  1718 | D:3      | Killed a phantom
  1719 | D:3      | Reached skill level 4 in Conjurations
  1719 | D:3      | Reached skill level 5 in Earth Magic
  1719 | D:3      | Reached XP level 6. HP: 8/36 MP: 0/9
  1856 | D:3      | Learned a level 2 spell: Blink
  2066 | D:3      | Found Akhly's Weapon Shoppe.
  2524 | D:4      | Found a glowing golden altar of the Shining One.
  2751 | D:4      | Reached XP level 7. HP: 41/41 MP: 0/10
  2874 | D:4      | Found a shadowy altar of Dithmenos.
  2937 | D:4      | Found a runed translucent gate.
  2937 | D:4      | Found a runed translucent gate.
  2937 | D:4      | Found a runed translucent gate.
  2937 | D:4      | Noticed alcopop's ghost (amateur DEHu)
  3281 | D:5      | Entered Level 5 of the Dungeon
  3361 | D:5      | Reached skill level 5 in Conjurations
  3395 | D:5      | Found a blossoming altar of Fedhas.
  3658 | D:5      | Reached skill level 1 in Translocations
  3914 | D:5      | Reached skill level 1 in Fighting
  3917 | D:5      | Reached XP level 8. HP: 48/48 MP: 3/11
  4075 | D:5      | Found a shimmering altar of Xom.
  4647 | D:6      | Found a glowing silver altar of Zin.
  4841 | D:6      | Found a hide-covered altar of Uskayaw.
  4845 | D:6      | Noticed a +0 hand axe
  4846 | D:6      | Noticed a +0 dagger
  6313 | D:6      | Reached XP level 9. HP: 56/57 MP: 9/14
  6406 | D:6      | Found the +2 ratskin cloak {*Rats rPois rN+ Str-1 Int-1
                  | Dex+1}
  6576 | D:7      | Noticed a two-headed ogre
  6677 | D:7      | Learned a level 3 spell: Frozen Ramparts
  6717 | D:7      | Found Ejisoz's General Store.
  6725 | D:7      | Bought a scroll of identify for 30 gold pieces
  6735 | D:7      | Killed a two-headed ogre
  6908 | D:7      | Reached skill level 5 in Ice Magic
  7269 | D:7      | Reached skill level 5 in Fighting
  7269 | D:7      | Reached skill level 5 in Dodging
  7629 | D:7      | Found a staircase to the Ecumenical Temple.
  7635 | Temple   | Entered the Ecumenical Temple
  7647 | Temple   | Became a worshipper of Vehumet
  7947 | D:7      | Reached XP level 10. HP: 68/68 MP: 10/15
  8842 | D:8      | Reached skill level 1 in Evocations
  9275 | D:8      | Reached * piety under Vehumet
  9275 | D:8      | Offered knowledge of Magic Dart by Vehumet.
  9601 | D:8      | Noticed a two-headed ogre
  9607 | D:8      | Killed a two-headed ogre
  9608 | D:8      | Reached skill level 6 in Conjurations
 10315 | D:9      | Noticed a boulder beetle
 10487 | D:9      | Noticed PiratePeteNZ's ghost (journeyman GnFi)
 10503 | D:9      | Found a runed translucent door.
 10532 | D:9      | Killed PiratePeteNZ's ghost
 10533 | D:9      | Reached skill level 7 in Conjurations
 10533 | D:9      | Reached skill level 5 in Evocations
 10553 | D:9      | Learned a level 5 spell: Lee's Rapid Deconstruction
 10834 | D:9      | Found a staircase to the Lair.
 11096 | D:9      | Reached XP level 11. HP: 72/72 MP: 10/17
 11911 | D:9      | Reached ** piety under Vehumet
 11918 | D:9      | Offered knowledge of Kiss of Death by Vehumet.
 12399 | D:1      | Bought the +2 buckler of Fedhas's Envy {Str+5} for 448 gold
                  | pieces
 12563 | Lair:1   | Entered Level 1 of the Lair of Beasts
 12755 | Lair:1   | Reached skill level 1 in Shields
 13489 | Lair:1   | Noticed a catoblepas
 13495 | Lair:1   | Noticed Amaemon
 13926 | Lair:1   | Reached skill level 10 in Earth Magic
 14715 | Lair:2   | Noticed an eight-headed hydra
 14721 | Lair:2   | Killed an eight-headed hydra
 14722 | Lair:2   | Reached skill level 8 in Conjurations
 14972 | Lair:2   | Reached skill level 5 in Shields
 15284 | Lair:2   | Found a hole to the Spider Nest.
 15382 | Lair:2   | Reached XP level 12. HP: 70/79 MP: 17/19
 15396 | Lair:2   | Reached skill level 5 in Spellcasting
 15579 | Lair:2   | Offered knowledge of Ignite Poison by Vehumet.
 16850 | Lair:3   | Found a staircase to the Shoals.
 17051 | Lair:2   | Learned a level 3 spell: Ignite Poison
 17115 | Lair:3   | Noticed a skyshark
 17129 | Lair:3   | Killed a skyshark
 17130 | Lair:3   | Reached skill level 9 in Conjurations
 17244 | Lair:3   | Reached *** piety under Vehumet
 17495 | Lair:3   | Reached skill level 5 in Transmutations
 17826 | Lair:3   | Noticed a skyshark
 17852 | Lair:3   | Killed a skyshark
 18518 | Lair:4   | Noticed a seven-headed hydra
 18522 | Lair:4   | Killed a seven-headed hydra
 18523 | Lair:4   | Reached skill level 10 in Conjurations
 18700 | Lair:4   | Learned a level 5 spell: Irradiate
 19056 | Lair:4   | Reached skill level 11 in Conjurations
 19352 | Lair:4   | Noticed a seven-headed hydra
 19366 | Lair:4   | Killed a seven-headed hydra
 19366 | Lair:4   | Offered knowledge of Fulminant Prism by Vehumet.
 19367 | Lair:4   | Reached XP level 13. HP: 52/83 MP: 9/23
 20664 | D:10     | Entered Level 10 of the Dungeon
 20794 | D:10     | Found Punaig's One-of-a-Kind Rings.
 20917 | D:10     | Found a shimmering blue altar of Sif Muna.
 20924 | D:10     | Found a stormy altar of Qazlal.
 20928 | D:10     | Found a broken altar of Ashenzari.
 20944 | D:10     | Found Ivib's Weapon Boutique.
 20968 | D:10     | Found Taitasa's Antique Weapon Shoppe.
 21077 | D:10     | Reached **** piety under Vehumet
 21328 | D:10     | Found a staircase to the Orcish Mines.
 21418 | D:10     | Reached skill level 1 in Shapeshifting
 21603 | D:10     | Offered knowledge of Sticky Flame by Vehumet.
 22047 | D:11     | Noticed Nergalle
 22051 | D:11     | Killed Nergalle
 22557 | D:11     | Reached skill level 12 in Conjurations
 23482 | D:12     | Reached ***** piety under Vehumet
 23488 | D:12     | Offered knowledge of Starburst by Vehumet.
 24508 | D:13     | Noticed a vault guard
 24508 | D:13     | Noticed a vault guard
 24508 | D:13     | Noticed a vault guard
 24509 | D:13     | Noticed a vault guard
 24525 | D:12     | Killed a vault guard
 24771 | D:13     | Killed a vault guard
 24896 | D:13     | Noticed a vault guard
 24900 | D:13     | Noticed a vault guard
 24916 | D:12     | Noticed Lodul
 25018 | D:12     | Reached XP level 14. HP: 94/94 MP: 10/24
 25143 | D:13     | Reached skill level 5 in Shapeshifting
 25218 | D:13     | Found a gate to the Vaults.
 26200 | D:13     | Reached skill level 13 in Conjurations
 26590 | D:14     | Noticed Kirke
 26813 | D:14     | Found a stormy altar of Qazlal.
 27375 | D:14     | HP: 4/94 [skeletal warrior/+0 trident (15)]
 27377 | D:14     | HP: 1/94 [skeletal warrior/+0 trident (26)]
 28272 | D:10     | Bought the ring of Terra Nullius {rN+ Will+} for 579 gold
                  | pieces
 28851 | Lair:5   | Entered Level 5 of the Lair of Beasts
 29961 | Lair:4   | Learned a level 7 spell: Orb of Destruction
 30304 | Lair:5   | Reached skill level 14 in Conjurations
 30888 | Lair:5   | Found a blossoming altar of Fedhas.
 30909 | Lair:5   | Reached XP level 15. HP: 99/99 MP: 4/27
 31832 | Lair:5   | Found a staircase to the Slime Pits.
 31832 | Lair:5   | Found a viscous altar of Jiyva.
 33824 | Lair:5   | Reached skill level 15 in Conjurations
 34374 | Orc:1    | Entered Level 1 of the Orcish Mines
 34693 | Orc:1    | Found Tagoraf's Antique Weapon Shoppe.
 35360 | Orc:2    | Entered Level 2 of the Orcish Mines
 35499 | Orc:2    | Reached skill level 10 in Shapeshifting
 36271 | Orc:2    | Found a staircase to the Elven Halls.
 36907 | Orc:2    | Found Tiurghabap's General Store.
 37168 | Orc:2    | Offered knowledge of Freezing Cloud by Vehumet.
 37174 | Orc:2    | Found Tenkof's Magic Scroll Emporium.
 37354 | Orc:2    | Bought a scroll of poison for 56 gold pieces
 37356 | Orc:2    | Bought a scroll of identify for 26 gold pieces
 37357 | Orc:2    | Bought a scroll of summoning for 123 gold pieces
 37357 | Orc:2    | Bought a scroll of teleportation for 39 gold pieces
 37357 | Orc:2    | Bought a scroll of teleportation for 39 gold pieces
 37357 | Orc:2    | Bought a scroll of fear for 52 gold pieces
 37357 | Orc:2    | Bought a scroll of poison for 52 gold pieces
 39208 | Orc:2    | Found Bodde's Antique Armour Shop.
 39208 | Orc:2    | Found Ilotuz's Book Boutique.
 39209 | Orc:2    | Found a one-way gate leading to the halls of Pandemonium.
 39622 | Lair:1   | Killed Amaemon
 39665 | Spider:1 | Entered Level 1 of the Spider Nest
 39918 | Shoals:1 | Entered Level 1 of the Shoals
 40443 | Shoals:1 | Reached XP level 16. HP: 105/105 MP: 25/28
 40852 | Shoals:1 | Found Lubles's Antique Weapon Shoppe.
 41292 | Shoals:1 | Noticed a kraken
 41437 | Shoals:1 | HP: 1/105 [tentacle[a kraken] (24)]
 41437 | Shoals:1 | Slain by a tentacle

Illustrated notes

Levels and vault maps discovered:
D:1:      minmay_arrival_doors, layout_rooms,
          hellmonk_ecumenical_altar_heavens_door, serial_shops,
          nicolae_shop_tiny_waterfront, corner_web_ring
D:2:      layout_loops_ring, corexii_corridor_pit, minmay_box_of_dots,
          uniq_natasha
D:3:      layout_basic, serial_shops, nicolae_shop_advertising_works
          [nicolae_subvault_shop_adworks], serial_undead, serial_undead_a,
          serial_undead_c, serial_undead_b, serial_undead_e, serial_undead_e,
          serial_undead_b, serial_undead_e
D:4:      layout_cave_pools, grunt_dithmenos_smoke_and_mirrors, tso_metal_star,
          gammafunk_ghost_necromancy, gup_sewer_entry_glass
D:5:      layout_rooms, fedhas_ov_isle_minmay, tgw_xom, grunt_decor_one_mirror,
          minmay_misc_feat_enclosed, minivault_23, minmay_quadrilaterals
D:6:      wander_guarded_unrand_ratskin, layout_loops_corners, zin_academy,
          dancing_weapons_uskayaw
D:7:      layout_layer_cave, minmay_temple_entry_hall, enter_bailey_2,
          serial_shops, shop, minmay_misc_feat_rugged, hangedman_decor_push
D:8:      layout_basic, st_stairs_13
D:9:      layout_layer_cave, erik_lair_island, hellmonk_ghost_big_iron,
          serial_bayou_pond_d
D:10:     layout_basic, minitemple, erik_orc_1, serial_shops,
          nicolae_square_shop, shop_fountains, nicolae_shop_unique_rings
D:11:     layout_loops_ring, kennysheep_generic_room_14, uniq_nergalle
D:12:     layout_grid_maze, special_room [special_room_orc], uniq_lodul,
          uniq_azrael
D:13:     layout_roguey, erik_vaults_2
D:14:     layout_basic, grunt_ministairs_8, nicolae_qazlal_eye_of_the_storm,
          uniq_kirke
Temple:   nicolae_temple_god_jail
Lair:1:   layout_layer_cave, uniq_amaemon
Lair:2:   layout_roguey, hellmonk_spider_entry_life_and_decay, st_stairs_3
Lair:3:   layout_roguey, elwin_shoals_entry_stream
Lair:4:   layout_regular_city, minivault_25
Lair:5:   evilmike_catoblepas_cave, layout_gridlike, slime_entry_1, basic_altar
Shoals:1: layout_shoals, serial_shops, nicolae_shop_peninsula
Shoals:2: layout_shoals, serial_shops, shop
Spider:1: layout_spider_delve, uniq_donald
Orc:1:    layout_diamond_mine, basic_altar, serial_shops,
          nicolae_shop_real_fake_doors
Orc:2:    pf_orc_diabolical, layout_diamond_mine

Skill      XL: |  1  2  3  4  5  6  7  8  9 10 11 12 13 14 15 16 |
---------------+-------------------------------------------------+-----
Stealth        | 3 |  3.0
Conjurations   | 1 2 4 5 7 8 11 12 14 15 | 15.0
Earth Magic    | 4 5 6 7 8 10 | 10.0
Translocations | 2 3 4 |  4.1
Fighting       | 1 3 5 6 8 |  8.0
Dodging        | 4 5 6 8 |  8.0
Spellcasting   | 3 4 7 8 |  8.0
Ice Magic      | 5 |  5.0
Evocations     | 5 |  5.0
Shields        | 5 6 |  6.0
Transmutations | 3 5 |  5.0
Shapeshifting  | 4 8 12 13 | 13.0

Action                     |  1- 3 |  4- 6 |  7- 9 | 10-12 | 13-15 | 16-18 || total
---------------------------+-------+-------+-------+-------+-------+-------++-------
  Melee: Dagger            |     8 |       |       |       |       |       ||     8
         Constrict         |     2 |     3 |    16 |    14 |    43 |       ||    78
         Staff             |       |    13 |    62 |    77 |   172 |       ||   324
         Tentacles         |       |     4 |    27 |    36 |    57 |       ||   124
         Punch             |       |     1 |     3 |       |     2 |       ||     6
  Throw: Dart              |       |     3 |       |       |       |       ||     3
         Javelin           |       |       |     1 |    10 |    13 |       ||    24
   Cast: Sandblast         |    30 |    49 |    56 |    25 |    65 |       ||   225
         Stone Arrow       |       |     9 |    79 |   261 |   322 |       ||   671
         Frozen Ramparts   |       |       |       |    25 |    53 |       ||    78
         Lee's Rapid Decon |       |       |       |     2 |    11 |       ||    13
         Blink             |       |       |       |     2 |     5 |       ||     7
         Irradiate         |       |       |       |     2 |    31 |       ||    33
         Orb of Destructio |       |       |       |       |   168 |    29 ||   197
  Evoke: Wand              |       |       |       |       |     1 |       ||     1
    Use: Scroll            |       |     7 |    11 |     9 |    13 |     1 ||    41
         Potion            |       |       |     1 |     7 |     4 |     1 ||    13
   Stab: Sleeping          |       |     2 |     5 |       |     1 |       ||     8
 Armour: Skin              |     6 |    17 |    26 |   105 |   156 |     7 ||   317
  Dodge: Dodged            |    11 |    22 |    60 |   100 |   238 |     7 ||   438
  Block: Buckler           |       |       |       |    50 |   183 |     3 ||   236
         Reflection        |       |       |       |       |     7 |     1 ||     8

Table legend: (Time is in decaauts)
 A = Elapsed time spent in this place.
 B = Non-inter-level travel time spent in this place.
 C = Inter-level travel time spent in this place.
 D = Time resting spent in this place.
 E = Time spent auto-exploring this place.
 F = Levels seen in this place.
 G = Mean time per level.
                   A        B        C        D        E       F      G
               +--------+--------+--------+--------+--------+-----+--------+
         Total |  41694 |  38072 |   3622 |  16505 |  11525 |  25 | 1667.8 |
       Dungeon |  21268 |  19018 |   2250 |   6255 |   7665 |  14 | 1519.1 |
        Temple |     22 |      1 |     21 |      0 |      0 |   1 |   22.0 |
          Lair |  13726 |  12578 |   1148 |   6422 |   3220 |   5 | 2745.2 |
        Shoals |   1520 |   1510 |     10 |   1035 |     62 |   2 |  760.0 |
   Spider Nest |      2 |      2 |      0 |      0 |      0 |   1 |    2.0 |
  Orcish Mines |   5153 |   4961 |    192 |   2792 |    578 |   2 | 2576.5 |
               +--------+--------+--------+--------+--------+-----+--------+

Top non-repeatable levels by time:
   Orc:2: 3994 daAuts
  Lair:4: 3348 daAuts
  Lair:5: 3294 daAuts
  Lair:1: 2457 daAuts
  Lair:2: 2399 daAuts
     D:6: 2298 daAuts
     D:9: 2259 daAuts
  Lair:3: 2226 daAuts
     D:7: 2090 daAuts
    D:13: 1994 daAuts
    D:12: 1944 daAuts
    D:14: 1943 daAuts
     D:8: 1644 daAuts
Shoals:1: 1419 daAuts
    D:10: 1321 daAuts
